 Dungeon Crawl Stone Soup version 0.19.0-20-gbc5f0c6 (webtiles) character file.

363 tsouns the Sneak (level 7, -1/47 HPs)
             Began as a Halfling Assassin on Nov 16, 2016.
             Slain by an elf zombie (3 damage)
             ... in an ossuary.
             The game lasted 00:10:05 (3389 turns).

tsouns the Sneak (Halfling Assassin)                Turns: 3389, Time: 00:10:05

Health: -1/47      AC:  3    Str: 14 (17) XL:     7   Next: 0%
Magic:  7/7        EV: 14    Int:  7 (9)  God:
Gold:   161        SH:  0    Dex: 17 (18) Spells: 3 memorised, 3 levels left

rFire  . . .     SeeInvis .     f - +1 rapier
rCold  . . .     Gourm    .     c - +0 robe
rNeg   . . .     Faith    .     (shield restricted)
rPois  .         Spirit   .     (no helmet)
rElec  .         Reflect  .     d - +0 cloak
rCorr  .         Harm     .     (no gloves)
MR     .....                    (no boots)
Stlth  +.........               (no amulet)
                                (no ring)
                                (no ring)

@: confused, mighty
A: mutation resistance 1, MP-powered wands
a: no special abilities


You were in an ossuary.
You were not hungry.

You visited 1 branch of the dungeon, and saw 4 of its levels.
You also visited: Ossuary.

You collected 161 gold pieces.

Inventory:

Hand Weapons
 a - a +2 dagger
 b - a +0 blowgun
 f - a +1 rapier (weapon)
Missiles
 e - 18 poisoned needles
 o - a curare-tipped needle
Armour
 c - a +0 robe (worn)
 d - a +0 cloak (worn)
Potions
 i - a potion of magic {unknown}
 k - a potion of degeneration
 l - 2 potions of ambrosia
 r - a potion of might
Comestibles
 g - 2 bread rations
 m - a meat ration


   Skills:
 + Level 3.8 Fighting
 * Level 5.5 Short Blades
 - Level 2.0 Throwing
 - Level 1.1 Dodging
 + Level 6.0 Stealth


You had 3 spell levels left.
You knew the following spells:

 Your Spells              Type           Power        Failure   Level  Hunger
a - Apportation           Tloc           #.........   47%         1    ##.....
b - Summon Small Mammal   Summ           #...         47%         1    ##.....
c - Animate Skeleton      Necr           N/A          47%         1    ##.....


Dungeon Overview and Level Annotations

Branches:
Dungeon (4/15)
 Temple: D:4-7

Altars:
Elyvilon
Fedhas
Kikubaaqudgha
Qazlal
Trog
Xom


Innate Abilities, Weirdness & Mutations

You are small and have problems with some larger weapons.
You are somewhat resistant to further mutation.
You expend magic power (3 MP) to strengthen your wands.


Message History

There was something very wrong with that liquid.
You feel weakened.
You feel dopey.
You feel clumsy. The centaur zombie hits you.
* * * LOW HITPOINT WARNING * * *
You are confused.
You feel invigorated. The centaur zombie misses you.
The centaur zombie hits you but does no damage.
The elf zombie hits you.
* * * LOW HITPOINT WARNING * * *
The centaur zombie barely misses you. The elf zombie hits you.
* * * LOW HITPOINT WARNING * * *
The centaur zombie hits you.
* * * LOW HITPOINT WARNING * * *
The goblin zombie misses you.
It was a potion of mutation.
You feel extremely strange.
You feel your magical essence link to your wands.
The centaur zombie hits you.
* * * LOW HITPOINT WARNING * * *
The elf zombie hits you.
You die...

#...................
#...................
#........8..8.......
#..Z..ZZZ.Z.........
#..Z######.Z######..
#.Z.# #^.# #.. #.ZZ#
#..# #..


#ZZZ# #..# #.. #.Z@# ...Z #.. #.Z.# ....## #.. #...# ....# #.. #...# ....# #..
#...# #.. #...# #.. #...# #.. #...# #.. #...##############.. You could see an
adder zombie, a rat zombie, 2 goblin zombies, 2 kobold zombies, an elf zombie
and 3 centaur zombies.

Vanquished Creatures
  Sigmund (D:2)
  A centaur zombie (Ossuary)
  Ijyb (D:3)
  3 adders
  An adder skeleton (D:3)
  5 worms
  A dart slug (D:1)
  2 leopard geckos
  11 orcs
  5 ball pythons
  11 bats
  6 goblins
  8 hobgoblins
  4 jackals (D:3)
  8 kobolds
  A quokka (D:2)
  2 frilled lizards
  8 hobgoblin zombies (Ossuary)
  A jackal skeleton (D:3)
  8 kobold zombies (Ossuary)
  A leopard gecko skeleton (D:3)
  4 orc zombies (Ossuary)
  3 rats
96 creatures vanquished.

Notes
Turn   | Place    | Note
-------+----------+-------------------------------------------
     0 | D:1      | tsouns the Halfling Assassin began the quest for the Orb.
     0 | D:1      | Reached XP level 1. HP: 14/14 MP: 1/1
   121 | D:1      | Reached XP level 2. HP: 11/19 MP: 2/2
   522 | D:1      | Reached XP level 3. HP: 18/25 MP: 3/3
   788 | D:2      | Noticed Sigmund
   835 | D:2      | Killed Sigmund
   835 | D:2      | Reached skill level 5 in Stealth
   835 | D:2      | Reached XP level 4. HP: 31/31 MP: 4/4
   835 | D:2      | Reached XP level 5. HP: 36/36 MP: 5/5
   946 | D:2      | Reached XP level 6. HP: 42/42 MP: 6/6
   992 | D:3      | Noticed Ijyb
  1015 | D:3      | Killed Ijyb
  2186 | D:2      | Learned a level 1 spell: Apportation
  2188 | D:2      | Learned a level 1 spell: Summon Small Mammal
  2190 | D:2      | Learned a level 1 spell: Animate Skeleton
  2354 | D:3      | Reached skill level 5 in Short Blades
  2818 | D:3      | Found a shimmering altar of Xom.
  2818 | D:3      | Found a bloodstained altar of Trog.
  2820 | D:3      | Found a white marble altar of Elyvilon.
  2820 | D:3      | Found a blossoming altar of Fedhas.
  2820 | D:3      | Found a stormy altar of Qazlal.
  2821 | D:3      | Found an ancient bone altar of Kikubaaqudgha.
  3105 | D:4      | Found a sand-covered staircase.
  3109 | Ossuary  | Entered an ossuary
  3377 | Ossuary  | Reached skill level 6 in Stealth
  3377 | Ossuary  | Reached XP level 7. HP: 15/47 MP: 7/7
  3389 | Ossuary  | Gained mutation: You expend magic power (3 MP) to strengthen your wands. [potion of mutation]
  3389 | Ossuary  | HP: 2/47 [centaur zombie (5)]
  3389 | Ossuary  | Slain by an elf zombie

Skill      XL: |  1  2  3  4  5  6 |
---------------+-------------------+-----
Fighting       | 2 3 |  3.8
Short Blades   | 3 4 5 |  5.5
Stealth        | 5 6 |  6.0
Throwing       | |  2.0
Dodging        | |  1.1

Action                   |  1- 3 |  4- 6 |  7- 9 || total
-------------------------+-------+-------+-------++-------
Melee: Dagger            |    57 |   112 |       ||   169
       Rapier            |       |   144 |     2 ||   146
 Fire: Blowgun           |     6 |     7 |       ||    13
  Use: Scroll            |       |     5 |       ||     5
       Potion            |       |       |     4 ||     4
 Stab: Sleeping          |     6 |    15 |       ||    21
  Eat: Chunk             |       |     5 |       ||     5
       Bread ration      |       |     1 |       ||     1
       Beef jerky        |       |     1 |       ||     1
Armor: Robe              |    10 |    34 |     1 ||    45
Dodge: Dodged            |    22 |   144 |     7 ||   173
